 Dungeon Crawl Stone Soup version 0.17.1-1-g73c8601 (webtiles) character file.

154 zercules the Insei (level 5, -10/33 HPs)
             Began as an Octopode Transmuter on Dec 31, 2015.
             Killed by divine providence
             ... invoked by an orc priest
              (14 damage)
             ... on level 4 of the Dungeon.
             The game lasted 00:10:36 (3977 turns).

zercules the Insei (Octopode Transmuter)            Turns: 3977, Time: 00:10:36

Health: -10/33     AC:  1    Str: 10    XL:     5   Next: 35%
Magic:  8/8        EV: 12    Int: 16    God:
Gold:   143        SH:  0    Dex: 12    Spells: 3 memorised, 2 levels left

rFire  + . .     SeeInvis .       - Unarmed
rCold  . . .     Clarity  +     (no shield)
rNeg   . . .     SustAt   .     (helmet restricted)
rPois  .         Gourm    .     m - amulet of clarity
rElec  .         Spirit   .     (no ring)
rCorr  .         Warding  .     y - ring of protection from fire
rMut   .         Stasis   .     (no ring)
MR     .....                    (no ring)
Stlth  ++........               (no ring)
                                (no ring)
                                (no ring)
                                (no ring)

@: not resistant to hostile enchantments, unstealthy
A: almost no armour, amphibious, 8 rings, constrict 8, camouflage 1, gelatinous
body 1
a: no special abilities


You were on level 4 of the Dungeon.
You were not hungry.

You visited 1 branch of the dungeon, and saw 4 of its levels.

You collected 143 gold pieces.

Inventory:

Missiles
 a - 69 arrows
 r - 7 arrows of flame
Jewellery
 m - an amulet of clarity (around mantle)
 t - an uncursed ring of ice
 y - a ring of protection from fire (right tentacle)
Scrolls
 e - a scroll of immolation {unknown}
 f - 2 scrolls of magic mapping {unknown}
 g - a scroll of fog {unknown}
 i - a scroll of teleportation {unknown}
 j - 2 scrolls of identify {unknown}
 l - a scroll of random uselessness {unknown}
 n - a scroll of noise {unknown}
 p - a scroll of amnesia {unknown}
 q - a scroll of enchant armour {unknown}
 u - a scroll of remove curse {unknown}
 v - a scroll of blinking {unknown}
Potions
 h - a potion of cancellation {unknown}
 s - a potion of invisibility {unknown}
 w - a potion of magic {unknown}
 x - a potion of lignification {unknown}
 z - 2 potions of haste {unknown}
Books
 b - a book of Changes

   Spells                             Type                      Level
   a - Beastly Appendage              Transmutation                1
   b - Sticks to Snakes               Transmutation                2
   c - Spider Form                    Transmutation/Poison         3
   d - Ice Form                       Ice/Transmutation            4
   e - Blade Hands                    Transmutation                5
Comestibles
 c - 3 bread rations
 d - a slice of pizza
 k - 2 meat rations


   Skills:
 - Level 1.0 Fighting
 - Level 2.0 Dodging
 + Level 5.9 Unarmed Combat
 - Level 2.0 Spellcasting
 - Level 2.0 Transmutations


You had 2 spell levels left.
You knew the following spells:

 Your Spells              Type           Power        Failure   Level  Hunger
a - Beastly Appendage     Trmt           #.....       10%         1    #......
b - Sticks to Snakes      Trmt           #.........   14%         2    ###....
c - Spider Form           Trmt/Pois      #.........   38%         3    ###....


Dungeon Overview and Level Annotations

Branches:
Dungeon (4/15)
 Temple: D:4-7

Altars:

Annotations:
D:3 Crazy Yiuf


Innate Abilities, Weirdness & Mutations

You cannot wear most types of armour.
You are amphibious.
You can wear up to eight rings at the same time.
You can use your tentacles to constrict eight enemies at once.
Your skin changes colour to match your surroundings (Stealth).
Your rubbery body absorbs attacks (AC +1).


Message History

You bludgeon the worker ant!
The worker ant is moderately wounded.
You constrict the worker ant. The worker ant closely misses you.
You tentacle-slap the worker ant. You squeeze the worker ant!
The worker ant is almost dead.
You constrict the worker ant.
You kill the worker ant!
You now have 143 gold pieces (gained 19).
You see here a worker ant corpse.
A wight comes into view. It is wielding an enchanted dire flail.
An orc, an orc priest and a wight come into view.
An adder, a giant cockroach and 3 wights come into view.
The orc priest hits you with a trident!
The orc priest hits you from afar with a trident!
The orc priest calls down the wrath of Beogh upon you.
Something smites you!
* * * LOW HITPOINT WARNING * * *
The orc priest invokes the aid of Beogh against you.
Something smites you!
You die...

#..
..#.#########
### ####.#
#.# #.#
#####.#
#.....#
#.#####
#.##########
#.†......@.#
##########z#
#.# #.# #o#
#####z#
#.....#
#.###S# #.#


You could see 2 wights, an orc priest and an adder.

Vanquished Creatures
  A worker ant (D:4)
  Natasha (thrice) (D:3)
  An adder (D:3)
  2 oozes
  5 worms (D:2)
  7 giant geckos
  A ball python (D:1)
  6 goblins
  5 hobgoblins
  2 quokkas (D:2)
  9 bats
  4 giant cockroaches
  2 giant newts
  5 kobolds
  14 rats
67 creatures vanquished.

Vanquished Creatures (collateral kills)
  A bat (D:2)
  A kobold (D:2)
  A rat (D:2)
3 creatures vanquished.

Grand Total: 70 creatures vanquished

Notes
Turn   | Place    | Note
--------------------------------------------------------------
     0 | D:1      | zercules the Octopode Transmuter began the quest for the Orb.
     0 | D:1      | Reached XP level 1. HP: 13/13 MP: 3/3
   251 | D:1      | Reached XP level 2. HP: 2/18 MP: 5/5
  1293 | D:1      | Reached skill level 4 in Unarmed Combat
  1357 | D:1      | Reached XP level 3. HP: 19/23 MP: 6/6
  1651 | D:2      | Learned a level 2 spell: Sticks to Snakes
  1656 | D:2      | Learned a level 3 spell: Spider Form
  2330 | D:2      | Reached XP level 4. HP: 24/28 MP: 4/7
  2708 | D:3      | Reached skill level 5 in Unarmed Combat
  3212 | D:3      | Noticed Natasha
  3226 | D:3      | Killed Natasha
  3236 | D:3      | Noticed Natasha
  3246 | D:3      | Killed Natasha
  3246 | D:3      | Reached XP level 5. HP: 8/33 MP: 1/8
  3545 | D:3      | Noticed Natasha
  3556 | D:3      | Killed Natasha
  3864 | D:3      | Noticed Crazy Yiuf
  3977 | D:4      | Killed from afar by an orc priest

Action                   |  1- 3 |  4- 6 || total
-------------------------+-------+-------++-------
Melee: Unarmed           |    95 |    59 ||   154
 Cast: Sticks to Snakes  |     7 |     4 ||    11
  Use: Potion            |       |     2 ||     2
 Stab: Sleeping          |     4 |     9 ||    13
  Eat: Chunk             |     5 |     4 ||     9
       Pizza             |       |     1 ||     1
